 Dungeon Crawl Stone Soup version 0.16-b1 (webtiles) character file.

4713 McCoppin the Spear-Bearer (level 10, 0/70 HPs)
             Began as a Formicid Fighter on Mar 15, 2015.
             Was a Follower of Yredelemnul.
             Slain by a fire crab (9 damage)
             ... on level 9 of the Dungeon.
             The game lasted 00:47:10 (8428 turns).

McCoppin the Spear-Bearer (Formicid Fighter)        Turns: 8428, Time: 00:47:10

Health: 0/70       AC: 17    Str: 24    XL:     10   Next: 73%
Magic:  13/13      EV:  3    Int:  8    God:    Yredelemnul [*.....]
Gold:   275        SH: 15    Dex: 10    Spells: 0 memorised, 9 levels left

rFire  . . .     SeeInvis +     j - +3 quarterstaff (chaos)
rCold  + . .     Clarity  +     g - +0 plate armour (curse)
rNeg   . . .     SustAb   .     D - +0 large shield
rPois  .         Gourm    .     (helmet unavailable)
rElec  .         Spirit   .     e - +0 cloak
rCorr  .         Warding  .     w - +2 pair of gloves
rMut   .         Stasis   +     n - +0 pair of boots
MR     +....                    (no amulet)
Stlth  ..........               I - ring of teleportation (curse)
                                l - ring of protection from cold

@: somewhat resistant to hostile enchantments, extremely unstealthy
A: permanent stasis, dig shafts and tunnels, four strong arms, antennae 3,
clarity, wild magic 1
a: Dig, Shaft Self, Animate Remains, Renounce Religion, Evoke Teleportation


You were on level 9 of the Dungeon.
You worshipped Yredelemnul.
Yredelemnul was aware of your devotion.
You were not hungry.

You visited 2 branches of the dungeon, and saw 10 of its levels.

You collected 329 gold pieces.
You spent 54 gold pieces at shops.

Inventory:

Hand weapons
 a - a +0 trident
 j - a +3 quarterstaff of chaos (weapon)
 u - a +0 blowgun
 z - a +0 quarterstaff
Missiles
 o - 6 curare-tipped needles
 v - 20 poisoned needles
 y - 3 javelins (quivered)
Armour
 b - a +0 scale mail
 c - a +0 shield
 e - a +0 cloak (worn)
 g - a cursed +0 plate armour (worn)
 n - a +0 pair of boots (worn)
 w - a +2 pair of gloves (worn)
 D - a +0 large shield (worn)
Jewellery
 k - an uncursed ring of ice
 l - a ring of protection from cold (left hand)
 I - a cursed ring of teleportation (right hand)
Magical devices
 s - a wand of polymorph (12)
 B - a wand of lightning (9)
 C - a wand of disintegration (9)
 J - a wand of cold (9)
Scrolls
 h - 2 scrolls of fear
 i - 2 scrolls of recharging
 r - 3 scrolls of remove curse
 x - 2 scrolls of random uselessness
 G - a scroll of fog
Potions
 m - 3 potions of brilliance
 p - a potion of curing
 t - a potion of magic
 F - a potion of restore abilities
 H - a potion of poison {unknown}
Comestibles
 d - 2 bread rations
 f - 3 meat rations
 q - 2 beef jerkies
 A - a slice of pizza
 E - 6 chunks of flesh


   Skills:
 - Level 3.2 Fighting
 - Level 14.0 Polearms
 - Level 4.0 Armour
 + Level 5.2 Shields


You had 9 spell levels left.
You didn't know any spells.

Dungeon Overview and Level Annotations

Branches:
Dungeon (9/15)             Temple (1/1) D:7
   Lair: D:8-11         Orc: D:9-12

Altars:
Ashenzari
Cheibriados
Dithmenos
Elyvilon
Fedhas
Gozag
Kikubaaqudgha
Makhleb
Nemelex Xobeh
Qazlal
Ru
Sif Muna
Trog
Vehumet
Xom
Yredelemnul
Zin
The Shining One

Shops:
D:7 [

Annotations:
D:9 Grum


Innate Abilities, Weirdness & Mutations

You are under a permanent stasis effect.
You can dig through walls and to a lower floor.
Your four strong arms can wield two-handed weapons with a shield.
You have a pair of large antennae on your head (SInv).
You possess an exceptional clarity of mind.
Your spells are a little harder to cast, but a little more powerful.


Message History

The hippogriff claws you but does no damage.
You hit the hippogriff.
The hippogriff evaporates and reforms as a fire crab!
The fire crab breathes flames at you. The blast of flame engulfs you!
You hit the fire crab.
The fire crab goes berserk!
The fire crab is lightly wounded.
You are engulfed in roaring flames.
You block the fire crab's attack.
The fire crab claws you but does no damage.
You hit the fire crab but do no damage.
The fire crab is lightly wounded.
You are engulfed in roaring flames.
The fire crab bites you!
You are engulfed in flames!
* * * LOW HITPOINT WARNING * * *
You block the fire crab's attack. x2
The fire crab claws you.
* * * LOW HITPOINT WARNING * * *
You are engulfed in flames!
You die...
Your body rises from the dead as a mindless zombie.

#.# #.# #.#
#.# #.# #.#
#.# #§####
#§§@t#
####§§§§....
#######


You could see a fire crab (berserk).

Vanquished Creatures
  A cyclops (D:6)
  Prince Ribbit (D:5)
  Eustachio (D:6)
  Edmund (D:6)
  Menkaure (D:5)
  A water moccasin (D:7)
  2 orc warriors
  2 sky beasts
  4 phantoms
  4 centaurs
  An ogre (D:6)
  Duvessa (D:5)
  Blork the orc (D:6)
  5 giant frogs
  5 scorpions
  5 killer bees
  5 crimson imps
  2 goliath beetles
  Dowan (D:5)
  2 jellies
  4 hounds
  Crazy Yiuf (D:2)
  2 iguanas
  A giant frog skeleton (D:6)
  6 orc priests
  9 orc wizards
  Natasha (thrice) (D:6)
  7 worker ants
  A hound zombie (D:7)
  9 adders
  A river rat (D:6)
  A worker ant zombie (D:7)
  4 gnolls (D:4)
  A shadow imp (D:7)
  6 worms
  4 giant mites
  An adder zombie (D:7)
  7 giant geckos
  43 orcs
  2 bat skeletons
  A bat zombie (D:6)
  9 giant cockroaches
  9 goblins
  17 hobgoblins
  15 jackals
  2 quokkas
  10 bats
  A giant gecko skeleton (D:7)
  3 giant newts
  A giant spore (D:8)
  11 kobolds
  A quokka skeleton (D:5)
  13 rats
  4 ballistomycetes (D:8)
256 creatures vanquished.

Vanquished Creatures (others)
  A kobold zombie (D:8)
1 creature vanquished.

Grand Total: 257 creatures vanquished

Notes
Turn   | Place    | Note
--------------------------------------------------------------
     0 | D:1      | McCoppin, the Formicid Fighter, began the quest for the Orb.
     0 | D:1      | Reached XP level 1. HP: 18/18 MP: 1/1
   107 | D:1      | Reached XP level 2. HP: 24/24 MP: 3/3
   154 | D:1      | You fall through a shaft!
   322 | D:2      | Reached XP level 3. HP: 20/29 MP: 4/4
   462 | D:2      | Noticed Crazy Yiuf
   469 | D:2      | Killed Crazy Yiuf
   469 | D:2      | Reached skill level 4 in Polearms
   469 | D:2      | Reached XP level 4. HP: 13/35 MP: 5/5
  1200 | D:4      | Reached XP level 5. HP: 32/41 MP: 7/7
  1273 | D:4      | Noticed a phantom
  1387 | D:3      | Reached skill level 5 in Polearms
  1919 | D:3      | Reached XP level 6. HP: 47/47 MP: 8/8
  2276 | D:4      | Reached skill level 6 in Polearms
  2329 | D:4      | Found a shattered altar of Ashenzari.
  2461 | D:4      | Reached XP level 7. HP: 52/52 MP: 9/9
  2487 | D:4      | Reached skill level 7 in Polearms
  2647 | D:4      | Found a sparkling altar of Nemelex Xobeh.
  2823 | D:4      | Killed a phantom
  2950 | D:4      | Reached skill level 8 in Polearms
  3177 | D:5      | Entered Level 5 of the Dungeon
  3840 | D:5      | Noticed Menkaure
  3847 | D:5      | Killed Menkaure
  3847 | D:5      | Reached XP level 8. HP: 58/58 MP: 11/11
  3904 | D:5      | Reached skill level 9 in Polearms
  3975 | D:5      | Noticed Prince Ribbit
  3982 | D:5      | Killed Prince Ribbit
  4242 | D:5      | Noticed Duvessa
  4242 | D:5      | Noticed Dowan
  4256 | D:5      | Killed Duvessa
  4256 | D:5      | Reached skill level 10 in Polearms
  4295 | D:5      | Killed Dowan
  4435 | D:5      | Reached XP level 9. HP: 64/64 MP: 12/12
  4454 | D:5      | Gained mutation: You possess an exceptional clarity of mind. [mutagenic meat]
  4458 | D:5      | Gained mutation: You can spit poison. [potion of mutation]
  4458 | D:5      | Lost mutation: You can spit poison. [potion of mutation]
  4458 | D:5      | Gained mutation: Your spells are a little harder to cast, but a little more powerful. [potion of mutation]
  4679 | D:5      | Reached skill level 11 in Polearms
  5198 | D:6      | Noticed Blork the orc
  5215 | D:6      | Killed Blork the orc
  5368 | D:6      | Noticed Edmund
  5398 | D:6      | Found a snail-covered altar of Cheibriados.
  5398 | D:6      | Found a blossoming altar of Fedhas.
  5429 | D:6      | Killed Edmund
  5456 | D:6      | Found an opulent altar of Gozag.
  5514 | D:6      | Noticed Natasha
  5520 | D:6      | Killed Natasha
  5582 | D:6      | Reached skill level 12 in Polearms
  5666 | D:6      | Noticed Eustachio
  5712 | D:6      | Killed Eustachio
  5824 | D:6      | Found a deep blue altar of Sif Muna.
  6268 | D:7      | Found Katit's Armour Boutique.
  6268 | D:7      | Noticed a cyclops
  6456 | D:6      | Reached XP level 10. HP: 64/70 MP: 13/13
  6632 | D:6      | Noticed Natasha
  6639 | D:6      | Killed Natasha
  6699 | D:6      | Noticed Natasha
  6704 | D:6      | Killed Natasha
  6719 | D:7      | Reached skill level 13 in Polearms
  6809 | D:7      | Found a staircase to the Ecumenical Temple.
  6872 | Temple   | Entered the Ecumenical Temple
  6963 | Temple   | Became a worshipper of Yredelemnul the Dark
  7090 | D:7      | Found a stormy altar of Qazlal.
  7281 | D:6      | Killed a cyclops
  7502 | D:7      | Bought a +0 large shield for 54 gold pieces
  7527 | D:7      | Reached skill level 14 in Polearms
  8186 | D:8      | Acquired Yredelemnul's first power
  8187 | D:8      | Reached skill level 5 in Shields
  8232 | D:8      | Found a burning altar of Makhleb.
  8344 | D:9      | Noticed Grum
  8426 | D:9      | Noticed a fire crab
  8426 | D:9      | a hippogriff changed into a fire crab
  8428 | D:9      | Slain by a fire crab

Action                   |  1- 3 |  4- 6 |  7- 9 | 10-12 || total
-------------------------+-------+-------+-------+-------++-------
Melee: Trident           |    68 |       |       |       ||    68
       Quarterstaff      |       |   170 |   428 |   258 ||   856
 Fire: Blowgun           |       |       |     3 |     2 ||     5
Throw: Javelin           |       |       |     3 |     5 ||     8
 Abil: Shaft Self        |     1 |       |       |       ||     1
       Dig               |       |     2 |     9 |     4 ||    15
  Use: Potion            |     1 |       |     6 |       ||     7
       Scroll            |       |     4 |     6 |     2 ||    12
 Stab: Paralysed         |       |       |     5 |     1 ||     6
       Confused          |       |       |     1 |     2 ||     3
       Petrifying        |       |       |     1 |       ||     1
  Eat: Chunk             |       |     6 |    16 |     3 ||    25
       Bread ration      |       |       |       |     1 ||     1
